[Event "Titled Tuesday Blitz November 07 Early 2023"]
[White "Kanyamarala, Trisha"]
[Black "Quirke, Jeffrey"]
[WhiteFideId "45004722"]
[BlackFideId "2013029"]
[WhiteElo "2479"]
[BlackElo "2234"]
[Result "1-0"]
[Round "2"]
[TimeControl "180+1"]
[Date "2023.11.07"]
[WhiteClock "0:02:01"]
[BlackClock "0:00:43"]
[Board "210"]

1. c4 Nf6 2. Nc3 g6 3. g3 Bg7 4. Bg2 O-O 5. Nf3 d5 6. cxd5 Nxd5 7. d4 Nb6 8. O-O Nc6 9. d5 Na5 10. e4 c6 11. Qc2 cxd5 12. exd5 Nxd5 13. Rd1 Nb4 14. Qa4 Qb6 15. Be3 1-0


[Site "https://www.chess.com"]

[Event "Titled Tuesday Blitz November 07 Early 2023"]
[White "Kiseljova, Marya"]
[Black "Remolar Gallen, Jose"]
[WhiteFideId "4155009"]
[BlackFideId "2215187"]
[WhiteElo "2232"]
[BlackElo "2474"]
[Result "0-1"]
[Round "2"]
[TimeControl "180+1"]
[Date "2023.11.07"]
[WhiteClock "0:00:00"]
[BlackClock "0:00:10"]
[Board "212"]

1. d4 g6 2. e4 Bg7 3. Nf3 c6 4. Be2 d5 5. e5 f6 6. O-O Nh6 7. h3 O-O 8. Re1 Nf7 9. exf6 exf6 10. Nbd2 Nd6 11. c3 Be6 12. b3 Re8 13. Ba3 a5 14. Nf1 a4 15. Qc2 Bf5 16. Bd3 Rxe1 17. Nxe1 axb3 18. axb3 Nd7 19. Bxf5 Nxf5 20. Qc1 Bh6 21. Qb1 Qe8 22. Nd3 Qe4 23. Bb2 Rxa1 24. Bxa1 c5 25. Qd1 c4 26. bxc4 dxc4 27. Nb4 Nb6 28. Bb2 Bf8 29. Nd2 Qe6 30. Nf3 Bxb4 31. cxb4 Nd5 32. Qc2 b5 33. Bc3 Nd6 34. Bd2 Qe4 35. Qa2 c3 36. Qa8+ Kg7 37. Qa7+ Nf7 38. Bc1 Nxb4 39. Qa3 Nd5 0-1


[Site "https://www.chess.com"]

[Event "Titled Tuesday Blitz November 07 Early 2023"]
[White "Grochal, Joey"]
[Black "Sviridova, Vlada"]
[WhiteFideId "1019945"]
[BlackFideId "24109606"]
[WhiteElo "2470"]
[BlackElo "2230"]
[Result "1/2-1/2"]
[Round "2"]
[TimeControl "180+1"]
[Date "2023.11.07"]
[WhiteClock "0:01:25"]
[BlackClock "0:00:48"]
[Board "213"]

1. e4 e6 2. d4 d5 3. Nc3 Bb4 4. e5 c5 5. a3 Bxc3+ 6. bxc3 Ne7 7. h4 Qc7 8. Bd2 b6 9. h5 h6 10. Qg4 Nf5 11. Bd3 O-O 12. Bxf5 exf5 13. Qg3 Kh8 14. Ne2 Ba6 15. Nf4 cxd4 16. cxd4 Qxc2 17. Rc1 Qe4+ 18. Be3 Rc8 19. Rxc8+ Bxc8 20. O-O Nc6 21. Rc1 Nxd4 22. Bxd4 Qxd4 23. Rc7 Be6 24. Nxe6 Qd1+ 25. Kh2 Qxh5+ 26. Kg1 Qd1+ 27. Kh2 Qh5+ 28. Kg1 Qd1+ 29. Kh2 Qh5+ 1/2-1/2


[Site "https://www.chess.com"]

[Event "Titled Tuesday Blitz November 07 Early 2023"]
[White "le-castor-faineant"]
[Black "Czerw, Dawid"]
[BlackFideId "1145746"]
[WhiteElo "2228"]
[BlackElo "2468"]
[Result "1-0"]
[Round "2"]
[TimeControl "180+1"]
[Date "2023.11.07"]
[WhiteClock "0:02:02"]
[BlackClock "0:01:33"]
[Board "214"]

1. e4 c5 2. Nf3 g6 3. d4 cxd4 4. Nxd4 Nc6 5. Nc3 Nf6 6. Be3 Bg7 7. Be2 O-O 8. O-O d6 9. f3 Bd7 10. Nd5 Re8 11. c4 e6 12. Nxf6+ Qxf6 13. Nxc6 Bxc6 14. Rb1 d5 15. exd5 exd5 16. cxd5 Rxe3 17. dxc6 Qxc6 18. b3 Rae8 19. Bc4 b5 20. Bd5 Qc5 21. Kh1 Rd8 22. Bxf7+ Kxf7 23. Qxd8 Bc3 24. Rbd1 Kg7 25. Rd7+ Kh6 26. Qh4+ Qh5 27. Qf4+ Qg5 28. Rxh7+ Kxh7 29. Qxg5 1-0


[Site "https://www.chess.com"]

[Event "Titled Tuesday Blitz November 07 Early 2023"]
[White "Merino Garcia, Rafael II"]
[Black "Sarkar, Justin"]
[WhiteFideId "2209128"]
[BlackFideId "2010011"]
[WhiteElo "2467"]
[BlackElo "2220"]
[Result "0-1"]
[Round "2"]
[TimeControl "180+1"]
[Date "2023.11.07"]
[WhiteClock "0:01:43"]
[BlackClock "0:00:22"]
[Board "215"]

1. d4 d5 2. Nf3 Nf6 3. e3 c5 4. c4 cxd4 5. exd4 Nc6 6. Nc3 Be6 7. Bg5 g6 8. Bxf6 exf6 9. cxd5 Bxd5 10. Be2 Bg7 11. O-O O-O 12. Nxd5 Qxd5 13. Qb3 Qxb3 14. axb3 f5 15. Rfd1 Rfd8 16. d5 Ne7 17. d6 Nc8 18. d7 Nb6 19. Bb5 a6 20. Rd6 axb5 21. Rxa8 Nxa8 22. h4 Kf8 0-1


[Site "https://www.chess.com"]

[Event "Titled Tuesday Blitz November 07 Early 2023"]
[White "Rodriguez Dominguez, Melissa"]
[Black "Boraso, Alessio"]
[WhiteFideId "3517560"]
[BlackFideId "848077"]
[WhiteElo "2219"]
[BlackElo "2466"]
[Result "1-0"]
[Round "2"]
[TimeControl "180+1"]
[Date "2023.11.07"]
[WhiteClock "0:00:06"]
[BlackClock "0:00:01"]
[Board "216"]

1. e4 d5 2. exd5 Nf6 3. Nf3 Bg4 4. d4 Nxd5 5. Be2 g6 6. O-O Bg7 7. h3 Bxf3 8. Bxf3 c6 9. c4 Nb6 10. c5 Nd5 11. Nc3 O-O 12. Nxd5 cxd5 13. b4 Nc6 14. Be3 a6 15. Rb1 f5 16. g3 f4 17. gxf4 e6 18. a4 Qh4 19. Bg2 Bh6 20. b5 axb5 21. axb5 Na5 22. Qg4 Qxg4 23. hxg4 Bxf4 24. Ra1 Bxe3 25. fxe3 Nc4 26. Rxf8+ Rxf8 27. Ra7 Rf7 28. e4 Ne3 29. exd5 exd5 30. b6 Nc4 31. c6 Nxb6 32. cxb7 Rf8 33. Bxd5+ Nxd5 34. Ra8 Nf6 35. Rxf8+ Kxf8 36. b8=Q+ Kg7 37. Qc7+ Kh6 38. Qf4+ Kg7 39. Qe5 Kf7 40. g5 Ne8 41. d5 Ng7 42. Qf6+ Kg8 43. Qd8+ Kf7 44. d6 Ne6 45. Qe7+ 1-0


[Site "https://www.chess.com"]

[Event "Titled Tuesday Blitz November 07 Early 2023"]
[White "Maus7"]
[Black "Chemin, Justo Reinaldo"]
[BlackFideId "2101580"]
[WhiteElo "2462"]
[BlackElo "2212"]
[Result "1-0"]
[Round "2"]
[TimeControl "180+1"]
[Date "2023.11.07"]
[WhiteClock "0:00:06"]
[BlackClock "0:00:23"]
[Board "217"]

1. d4 d5 2. c4 c6 3. Nf3 e6 4. e3 Nf6 5. Bd3 Nbd7 6. O-O b6 7. Nbd2 Bb7 8. e4 dxe4 9. Nxe4 c5 10. Nxf6+ Nxf6 11. Bc2 Be7 12. Ba4+ Kf8 13. Be3 Rc8 14. dxc5 Qxd1 15. Rfxd1 Bxf3 16. gxf3 Bxc5 17. Bxc5+ bxc5 18. Rd3 Ke7 19. Bb5 Rhd8 20. Rad1 Rxd3 21. Rxd3 Rc7 22. Ra3 Nh5 23. Ra6 Nf4 24. a3 Nd3 25. b3 Ne5 26. Kg2 f5 27. h4 f4 28. b4 cxb4 29. axb4 Nxc4 30. Bxc4 Rxc4 31. Rxa7+ Kf6 32. b5 Rb4 33. Rb7 h5 34. b6 g5 35. hxg5+ Kxg5 36. Rb8 Kf5 37. b7 Ke5 38. Kh3 Kd6 39. Rd8+ Kc7 40. b8=Q+ Rxb8 41. Rxb8 Kxb8 42. Kh4 Kc7 43. Kxh5 Kd6 44. Kg4 Ke5 45. Kg5 Kd6 46. Kxf4 Ke7 47. Ke5 Kf7 48. f4 Ke7 49. f5 exf5 50. Kxf5 Kf7 51. f4 Ke7 52. Kg6 Kf8 53. Kf6 Ke8 54. Kg7 Ke7 55. f5 1-0


[Site "https://www.chess.com"]

[Event "Titled Tuesday Blitz November 07 Early 2023"]
[White "jimmy-schlumpf"]
[Black "Manukyan, Sargis V."]
[BlackFideId "13303465"]
[WhiteElo "2212"]
[BlackElo "2462"]
[Result "1/2-1/2"]
[Round "2"]
[TimeControl "180+1"]
[Date "2023.11.07"]
[WhiteClock "0:01:21"]
[BlackClock "0:01:59"]
[Board "218"]

1. d4 Nf6 2. Nf3 c5 3. d5 e6 4. Nc3 exd5 5. Nxd5 Nxd5 6. Qxd5 d6 7. Ng5 Qf6 8. Nxh7 Rxh7 9. Qe4+ Be7 10. Qxh7 Nc6 11. c3 Bf5 12. Qh5 O-O-O 13. h4 g6 14. Qh6 Qe6 15. Qe3 Qd7 16. Qg3 d5 17. Bg5 Bd6 18. Qf3 Be4 19. Qh3 Bf5 20. Qf3 Be4 21. Qh3 Bf5 22. Qf3 1/2-1/2


[Site "https://www.chess.com"]

[Event "Titled Tuesday Blitz November 07 Early 2023"]
[White "Savitha Shri B"]
[Black "Hartikainen, Jarmo"]
[WhiteFideId "35061887"]
[BlackFideId "503134"]
[WhiteElo "2461"]
[BlackElo "2192"]
[Result "1-0"]
[Round "2"]
[TimeControl "180+1"]
[Date "2023.11.07"]
[WhiteClock "0:00:38"]
[BlackClock "0:00:01"]
[Board "219"]

1. Nf3 Nf6 2. g3 g6 3. Bg2 Bg7 4. c4 c5 5. Nc3 Nc6 6. O-O O-O 7. e4 e6 8. d4 cxd4 9. Nxd4 a6 10. Be3 Ne5 11. Qe2 Qc7 12. Bf4 Nh5 13. Bxe5 Bxe5 14. Rad1 d6 15. Kh1 Bd7 16. f4 Bg7 17. f5 exf5 18. Nd5 Qc5 19. Nb3 Qa7 20. exf5 Rae8 21. Qd2 Bxf5 22. Rxf5 gxf5 23. Qg5 Qf2 24. Ne7+ Kh8 25. Rf1 Qe2 26. Nxf5 Re5 27. Nbd4 f6 28. Qh4 Re4 29. Nxe2 Rxh4 30. Nxh4 f5 31. Nxf5 Be5 32. g4 Nf6 33. h3 Nd7 34. Nf4 Nc5 35. Nd5 Nd3 36. b3 Nf4 37. Nxf4 1-0


[Site "https://www.chess.com"]

[Event "Titled Tuesday Blitz November 07 Early 2023"]
[White "TheAlienParty"]
[Black "vishwa_vijeta"]
[WhiteElo "2191"]
[BlackElo "2459"]
[Result "0-1"]
[Round "2"]
[TimeControl "180+1"]
[Date "2023.11.07"]
[WhiteClock "0:01:27"]
[BlackClock "0:01:25"]
[Board "220"]

1. c4 c5 2. Nc3 Nc6 3. Nf3 e5 4. d3 g6 5. g3 Bg7 6. Bg2 d6 7. O-O Nge7 8. Ne1 Be6 9. Nd5 a6 10. Rb1 b5 11. Nxe7 Nxe7 12. Bxa8 Qxa8 13. b3 Bh3 14. f3 Bxf1 15. Kxf1 h5 16. Kg2 Qc8 17. h4 Nf5 18. cxb5 axb5 19. b4 cxb4 20. Rxb4 Qc5 21. Qb3 Qxc1 22. Rxb5 O-O 23. Nc2 Qxc2 24. Qxc2 Ne3+ 0-1


[Site "https://www.chess.com"]

[Event "Titled Tuesday Blitz November 07 Early 2023"]
[White "Mazurkiewicz, Michal"]
[Black "Floresvillar Gonzalez, Luis Migu"]
[WhiteFideId "1124943"]
[BlackFideId "5100542"]
[WhiteElo "2458"]
[BlackElo "2188"]
[Result "1-0"]
[Round "2"]
[TimeControl "180+1"]
[Date "2023.11.07"]
[WhiteClock "0:01:57"]
[BlackClock "0:00:55"]
[Board "221"]

1. e4 c6 2. d3 d5 3. Nd2 Nf6 4. Ngf3 Bg4 5. h3 Bxf3 6. Qxf3 e5 7. g4 h6 8. Bg2 Nbd7 9. O-O Bc5 10. Qg3 dxe4 11. dxe4 b5 12. c4 a6 13. Nb3 bxc4 14. Nxc5 Nxc5 15. Qxe5+ Qe7 16. Qd4 Rd8 17. Qxc4 O-O 18. Re1 Nd3 19. Rd1 Nxc1 20. Raxc1 Rxd1+ 21. Rxd1 Qb7 22. e5 Nd5 23. b3 Rd8 24. Qe4 Nc3 25. Rxd8# 1-0


[Site "https://www.chess.com"]

[Event "Titled Tuesday Blitz November 07 Early 2023"]
[White "Mishra, Manoj"]
[Black "Kashtanov, Ruslan"]
[WhiteFideId "5006007"]
[BlackFideId "4124871"]
[WhiteElo "2185"]
[BlackElo "2455"]
[Result "0-1"]
[Round "2"]
[TimeControl "180+1"]
[Date "2023.11.07"]
[WhiteClock "0:01:19"]
[BlackClock "0:02:21"]
[Board "222"]

1. d4 Nf6 2. Bf4 d5 3. e3 c5 4. Nc3 cxd4 5. exd4 a6 6. Bd3 Nc6 7. Nce2 Bg4 8. c3 e6 9. Nf3 Bxf3 10. gxf3 Bd6 11. Rg1 Bxf4 12. Nxf4 Qd6 13. Qd2 e5 14. dxe5 Nxe5 15. Rxg7 Nxf3+ 16. Kd1 Nxd2 0-1


[Site "https://www.chess.com"]

[Event "Titled Tuesday Blitz November 07 Early 2023"]
[White "ploxoi"]
[Black "Smirnov, Timofey"]
[BlackFideId "24176427"]
[WhiteElo "2453"]
[BlackElo "2181"]
[Result "1-0"]
[Round "2"]
[TimeControl "180+1"]
[Date "2023.11.07"]
[WhiteClock "0:01:08"]
[BlackClock "0:00:00"]
[Board "223"]

1. d4 d5 2. c4 c6 3. Nf3 Nf6 4. e3 Bf5 5. Nc3 e6 6. Nh4 Bg6 7. Be2 Bd6 8. g3 O-O 9. Nxg6 hxg6 10. O-O Nbd7 11. b3 a5 12. Bb2 Re8 13. Bf3 Rc8 14. Rc1 dxc4 15. bxc4 Qe7 16. Ne4 Nxe4 17. Bxe4 Ba3 18. Qb3 Bxb2 19. Qxb2 Nf6 20. Bg2 Qb4 21. Rc2 Ra8 22. Rb1 Qxb2 23. Rcxb2 Reb8 24. Rxb7 Rxb7 25. Rxb7 a4 26. Bxc6 Rc8 27. Bb5 a3 28. Ra7 Ne4 29. Rxa3 Nd2 30. Rc3 Nb1 31. Rc1 Na3 32. Ba4 Ra8 33. Bb3 Rc8 34. Kf1 Nb5 35. Ke2 Nd6 36. f3 Nf5 37. Kd2 Ne7 38. e4 Kf8 39. d5 exd5 40. cxd5 Rd8 41. Ke3 g5 42. Kd4 f6 43. Rc7 Ng6 44. Ba4 Ne5 45. f4 Nf3+ 46. Ke3 Nxh2 47. fxg5 Ng4+ 48. Kd4 Ne5 49. gxf6 gxf6 50. Rh7 Kg8 51. Re7 Nc6+ 52. Bxc6 1-0


[Site "https://www.chess.com"]

[Event "Titled Tuesday Blitz November 07 Early 2023"]
[White "vaniavindy"]
[Black "Escudero Donoso, Felipe"]
[BlackFideId "3410595"]
[WhiteElo "2178"]
[BlackElo "2451"]
[Result "0-1"]
[Round "2"]
[TimeControl "180+1"]
[Date "2023.11.07"]
[WhiteClock "0:00:00"]
[BlackClock "0:01:06"]
[Board "224"]

1. d4 d5 2. c4 c6 3. cxd5 cxd5 4. Nc3 Nf6 5. Nf3 Nc6 6. e3 Bg4 7. Be2 e6 8. O-O Bd6 9. h3 Bh5 10. a3 O-O 11. b4 Rc8 12. Bb2 Bb8 13. Nd2 Qd6 14. f4 Bxe2 15. Qxe2 Nd7 16. Nf3 Nb6 17. Ne5 f6 18. Nd3 Nc4 19. Nc5 b6 20. Na6 e5 21. Nxb8 Rxb8 22. fxe5 fxe5 23. Nb5 Qh6 24. dxe5 a6 25. Nd4 N6xe5 26. Bc1 Qg6 27. Nf3 Rfe8 28. Nxe5 Rxe5 29. Rf3 Rbe8 30. Ra2 Qb1 31. Qc2 Qxc2 32. Rxc2 Nxe3 33. Bxe3 Rxe3 34. Rxe3 Rxe3 35. Rc7 Rxa3 36. Rd7 Rb3 37. Rxd5 Rxb4 38. Rd7 h5 39. Kh2 h4 40. Kg1 Rb2 41. Kf1 a5 0-1


[Site "https://www.chess.com"]

[Event "Titled Tuesday Blitz November 07 Early 2023"]
[White "kingapolak"]
[Black "McBryde, Lamel"]
[BlackFideId "2058596"]
[WhiteElo "2171"]
[BlackElo "2447"]
[Result "0-1"]
[Round "2"]
[TimeControl "180+1"]
[Date "2023.11.07"]
[WhiteClock "0:00:00"]
[BlackClock "0:00:29"]
[Board "225"]

1. e4 Nf6 2. d3 e6 3. Nf3 d5 4. Nbd2 b6 5. e5 Nfd7 6. g3 c5 7. c3 Nc6 8. d4 Bb7 9. Bg2 Be7 10. O-O O-O 11. Re1 a5 12. h4 Ba6 13. h5 h6 14. Nf1 Rc8 15. Bf4 cxd4 16. cxd4 Nb4 17. Rc1 Nxa2 18. Rxc8 Qxc8 19. N1h2 Nb4 20. Bf1 Bxf1 21. Rxf1 Qc4 22. Ng4 Rc8 23. Bxh6 gxh6 24. Qd2 Qd3 25. Qf4 Bf8 26. Nf6+ Nxf6 27. exf6 Qe4 0-1


[Site "https://www.chess.com"]

[Event "Titled Tuesday Blitz November 07 Early 2023"]
[White "Kanyamarala, Tarun"]
[Black "Vila Dupla, Aurelio"]
[WhiteFideId "45004714"]
[BlackFideId "2203383"]
[WhiteElo "2445"]
[BlackElo "2168"]
[Result "1-0"]
[Round "2"]
[TimeControl "180+1"]
[Date "2023.11.07"]
[WhiteClock "0:00:24"]
[BlackClock "0:00:12"]
[Board "226"]

1. e4 c5 2. c4 e5 3. Nc3 d6 4. g3 f5 5. exf5 Bxf5 6. Bg2 Nc6 7. Nge2 Nf6 8. O-O Be7 9. Nd5 O-O 10. a3 Kh8 11. d3 h6 12. Nec3 Qd7 13. Be3 Bg4 14. Qa4 Bh3 15. b4 Bxg2 16. Kxg2 Ng4 17. Ne4 cxb4 18. axb4 Rad8 19. h3 Nxe3+ 20. fxe3 Rxf1 21. Rxf1 Rf8 22. Rxf8+ Bxf8 23. b5 Ne7 24. Nxe7 Bxe7 25. Nc3 Qf5 26. e4 Qg5 27. Qc2 Bd8 28. Nd5 Bb6 29. h4 Qg4 30. Qd2 Bd4 31. Qe1 a6 32. Qf1 axb5 33. cxb5 Qd7 34. Qf8+ Kh7 35. Ne7 Qe6 36. Nf5 d5 37. Qxg7# 1-0


[Site "https://www.chess.com"]

[Event "Titled Tuesday Blitz November 07 Early 2023"]
[White "Skibbe, Willi"]
[Black "Jovic, Stanoje"]
[WhiteFideId "4682190"]
[BlackFideId "905020"]
[WhiteElo "2163"]
[BlackElo "2444"]
[Result "1/2-1/2"]
[Round "2"]
[TimeControl "180+1"]
[Date "2023.11.07"]
[WhiteClock "0:00:09"]
[BlackClock "0:00:12"]
[Board "227"]

1. e4 c6 2. d4 d5 3. e5 c5 4. dxc5 e6 5. a3 Bxc5 6. b4 Bb6 7. Nf3 Ne7 8. Bb2 Ng6 9. g3 Nc6 10. Bd3 f6 11. exf6 gxf6 12. O-O e5 13. c4 dxc4 14. Bxc4 Qxd1 15. Rxd1 Bg4 16. Nbd2 O-O-O 17. Kg2 Rhe8 18. h3 Bf5 19. Rac1 Kb8 20. Bb5 Re6 21. Nc4 Rxd1 22. Rxd1 Bc7 23. Nfd2 a6 24. Bxc6 Rxc6 25. Ne3 Bd3 26. Rc1 Rxc1 27. Bxc1 b5 28. Nd5 Bd8 29. f3 Kb7 30. Ne4 Bxe4 31. fxe4 Kc6 32. Be3 Nf8 33. Bc5 Ne6 34. Be7 Bxe7 35. Nxe7+ Kd6 36. Nd5 f5 37. Nc3 f4 38. gxf4 Nxf4+ 39. Kf3 Nxh3 40. Nd5 Ng5+ 41. Ke3 h5 42. Nf6 h4 43. Ne8+ Ke7 44. Ng7 h3 45. Nf5+ Kf6 46. Ng3 h2 47. Kf2 Ne6 48. Kg2 Nd4 49. Kxh2 Nc2 50. Ne2 Nxa3 51. Nc3 Nc2 52. Nd5+ Kg5 53. Kg3 Nd4 54. Kf2 Nc6 55. Ke3 a5 56. bxa5 Nxa5 57. Kd3 Nc6 58. Kc3 Kg4 59. Kd3 Kf3 60. Nc7 b4 61. Nd5 b3 62. Nf6 Nd4 63. Kc3 Ke3 64. Kb2 Kd3 65. Kb1 Kc4 66. Kb2 Nc6 67. Nd7 Kd4 68. Nxe5 Nxe5 69. Kxb3 Kxe4 1/2-1/2


[Site "https://www.chess.com"]

[Event "Titled Tuesday Blitz November 07 Early 2023"]
[White "crazy_m_attack"]
[Black "Fudalej, Michal"]
[BlackFideId "1118781"]
[WhiteElo "2444"]
[BlackElo "2158"]
[Result "0-1"]
[Round "2"]
[TimeControl "180+1"]
[Date "2023.11.07"]
[WhiteClock "0:00:20"]
[BlackClock "0:01:33"]
[Board "228"]

1. e4 c6 2. d4 d5 3. Nc3 g6 4. Nf3 Bg7 5. h3 Nf6 6. e5 Ne4 7. Bd3 Nxc3 8. bxc3 c5 9. O-O Nc6 10. Be3 c4 11. Be2 Bf5 12. Nh4 Qd7 13. Nxf5 gxf5 14. Bh5 e6 15. Bg5 O-O 16. Qf3 Kh8 17. Qg3 f6 18. exf6 Bxf6 19. Bxf6+ Rxf6 20. Rfe1 Rg8 21. Qf4 Qg7 22. Bf3 Rh6 23. Kh2 Nd8 24. Qe5 Rf6 25. g3 Nf7 26. Qc7 Ng5 27. Qxg7+ Rxg7 28. Bg2 Ne4 29. Bxe4 fxe4 30. Kg2 Rgf7 31. Re2 Rf3 32. Rb1 Rxc3 33. Rb5 b6 34. Rb2 Kg8 35. Re3 Rxe3 36. fxe3 Rf3 37. Rb1 Rxe3 38. Rf1 Re2+ 39. Rf2 Rxf2+ 40. Kxf2 Kf7 41. c3 Kf6 42. Ke3 e5 43. g4 h6 44. h4 exd4+ 45. Kxd4 a6 46. a3 b5 47. Ke3 Ke5 48. Ke2 Kf4 0-1


[Site "https://www.chess.com"]

[Event "Titled Tuesday Blitz November 07 Early 2023"]
[White "knightinshiningarmour16"]
[Black "Cesar Maestre, Bernardo"]
[BlackFideId "24542547"]
[WhiteElo "2156"]
[BlackElo "2441"]
[Result "1-0"]
[Round "2"]
[TimeControl "180+1"]
[Date "2023.11.07"]
[WhiteClock "0:02:01"]
[BlackClock "0:00:05"]
[Board "229"]

1. d4 Nf6 2. Nf3 d5 3. c4 e6 4. Nc3 Bb4 5. cxd5 exd5 6. Bg5 h6 7. Bxf6 Qxf6 8. Qa4+ Nc6 9. e3 O-O 10. Bb5 Bxc3+ 11. bxc3 Ne7 12. O-O c6 13. Bd3 Bf5 14. Qc2 Bxd3 15. Qxd3 Nf5 16. c4 dxc4 17. Qxc4 Rfd8 18. Rab1 Nd6 19. Qe2 Rac8 20. Rfc1 Rc7 21. h3 Re7 22. Qb2 Rde8 23. Ne5 Qe6 24. Qa3 a6 25. Rb6 g5 26. Rcb1 Kg7 27. Qc5 f6 28. Nf3 Kg6 29. a4 Ne4 30. Qc2 f5 31. Ne5+ Kf6 32. Rxb7 Rxb7 33. Rxb7 Rc8 34. Rf7+ Qxf7 35. Nxf7 Kxf7 36. f3 Nf6 37. Qxf5 1-0


[Site "https://www.chess.com"]

[Event "Titled Tuesday Blitz November 07 Early 2023"]
[White "szachmistrz2500"]
[Black "Silvestre, Christian"]
[BlackFideId "30956269"]
[WhiteElo "2441"]
[BlackElo "2154"]
[Result "1-0"]
[Round "2"]
[TimeControl "180+1"]
[Date "2023.11.07"]
[WhiteClock "0:00:48"]
[BlackClock "0:00:26"]
[Board "230"]

1. Nf3 Nf6 2. g3 d5 3. Bg2 c5 4. O-O Nc6 5. d3 b6 6. Nbd2 Bb7 7. e4 e6 8. Re1 Be7 9. e5 Nd7 10. c3 h5 11. h4 Qc7 12. Qe2 O-O-O 13. a3 Rdg8 14. Nf1 Nd8 15. b4 f6 16. d4 fxe5 17. dxe5 Nf7 18. Bh3 Nf8 19. bxc5 bxc5 20. Ng5 Nxg5 21. hxg5 h4 22. g4 Ng6 23. f4 Rf8 24. f5 exf5 25. gxf5 Kb8 26. fxg6 d4 27. Qb5 dxc3 28. Bg2 h3 29. Qxb7+ Qxb7 30. Bxb7 Kxb7 31. Be3 Rf5 32. Rab1+ Kc6 33. Rbc1 Bxg5 34. Rxc3 Bxe3+ 35. Rcxe3 Rg5+ 36. Rg3 h2+ 37. Kh1 Rf5 38. Nxh2 Rf2 39. Rg2 Rxg2 40. Kxg2 Rh6 41. e6 Rxg6+ 42. Kf2 Rf6+ 43. Nf3 Rf8 44. Rd1 Re8 45. Ng5 c4 46. Ke3 Kc5 47. Ke4 c3 48. Kd3 Rd8+ 49. Kc2 Re8 50. Kxc3 a5 51. Rd7 Kc6 52. Rxg7 Kd6 53. Rd7+ Kc6 54. Kd4 Rxe6 55. Nxe6 Kxd7 56. Nc5+ Kc6 57. Kc4 Kb6 58. a4 Kc6 59. Nb3 Kb6 60. Nd4 Ka6 61. Kc5 Ka7 62. Kb5 Kb7 63. Kxa5 Ka7 64. Kb5 Kb7 65. a5 Ka7 66. a6 Kb8 67. Kb6 Ka8 68. Ne6 Kb8 69. a7+ Ka8 70. Nc7# 1-0


[Site "https://www.chess.com"]

[Event "Titled Tuesday Blitz November 07 Early 2023"]
[White "Petersson, Kjell"]
[Black "Shishkov, Andrei"]
[WhiteFideId "1705148"]
[BlackFideId "4500563"]
[WhiteElo "2150"]
[BlackElo "2438"]
[Result "0-1"]
[Round "2"]
[TimeControl "180+1"]
[Date "2023.11.07"]
[WhiteClock "0:00:00"]
[BlackClock "0:00:11"]
[Board "231"]

1. d4 Nf6 2. Bf4 d5 3. e3 c5 4. Nd2 Nc6 5. c3 Qb6 6. Qb3 c4 7. Qc2 g6 8. e4 Nxe4 9. Nxe4 dxe4 10. Bxc4 Bf5 11. Be3 Qc7 12. Qb3 e6 13. Ne2 Bd6 14. Ng3 O-O 15. Be2 Na5 16. Qa4 a6 17. O-O b5 18. Qd1 Nc4 19. Bc1 Rfd8 20. Nxf5 exf5 21. g3 f4 22. Bxc4 bxc4 23. Qe2 Re8 24. Qg4 f5 25. Qh4 f3 26. Be3 Be7 27. Qh6 Bf6 28. Rfd1 Qg7 29. Qxg7+ Kxg7 30. b3 Rac8 31. b4 Red8 32. a4 Rd5 33. Rdb1 Rb8 34. Ra2 g5 35. Rab2 Kg6 36. b5 axb5 37. Rxb5 Rdxb5 38. Rxb5 Ra8 39. a5 Bd8 40. d5 Rxa5 41. Rxa5 Bxa5 42. Bd4 Bc7 43. Kf1 Kf7 44. Ke1 Ke7 45. Kd2 f4 46. gxf4 Bxf4+ 47. Be3 Kd6 48. h3 Kxd5 49. Bxf4 gxf4 50. Ke1 Ke5 51. Kd2 Kf5 52. Ke1 Kg5 53. Kf1 Kh4 54. Kg1 Kxh3 55. Kh1 e3 56. fxe3 fxe3 57. Kg1 f2+ 58. Kf1 Kg3 59. Ke2 Kg2 0-1


[Site "https://www.chess.com"]

[Event "Titled Tuesday Blitz November 07 Early 2023"]
[White "pasteta13"]
[Black "Modric, Nesa"]
[BlackFideId "922579"]
[WhiteElo "2438"]
[BlackElo "2147"]
[Result "1-0"]
[Round "2"]
[TimeControl "180+1"]
[Date "2023.11.07"]
[WhiteClock "0:00:06"]
[BlackClock "0:00:00"]
[Board "232"]

1. e4 d5 2. exd5 Qxd5 3. Nc3 Qa5 4. Nf3 c6 5. d4 Nf6 6. h3 Bf5 7. Bd3 Bxd3 8. Qxd3 e6 9. O-O Bb4 10. Bg5 Nbd7 11. Ne4 Be7 12. Rfe1 O-O 13. Ne5 Qc7 14. Re3 Nxe5 15. dxe5 Nxe4 16. Bxe7 Qxe7 17. Rxe4 Rfd8 18. Rd4 Rxd4 19. Qxd4 Qd8 20. Rd1 Qxd4 21. Rxd4 Kf8 22. Rd7 Rb8 23. f4 Ke8 24. Rc7 a5 25. Kf1 g6 26. Ke2 h5 27. Kf3 a4 28. a3 b5 29. c3 Rb6 30. Ke4 c5 31. g4 hxg4 32. hxg4 b4 33. Rxc5 bxa3 34. bxa3 Rb3 35. Ra5 Rxa3 36. c4 Ra1 37. Kd4 a3 38. Kc5 a2 39. Ra4 Kd7 40. Ra7+ Kc8 41. Kc6 Kb8 42. Ra4 Rf1 43. Rxa2 Rxf4 44. c5 Rxg4 45. Rd2 Rb4 46. Kd7 Rc4 47. c6 g5 48. Rb2+ Ka7 49. c7 Rd4+ 50. Ke7 Rc4 51. Kd8 Rd4+ 52. Kc8 Rc4 53. Rb7+ Ka6 54. Kb8 g4 55. c8=Q Rxc8+ 56. Kxc8 g3 57. Rxf7 Kb5 58. Kd7 Kc5 59. Kxe6 Kd4 60. Rg7 Ke3 61. Rxg3+ 1-0


[Site "https://www.chess.com"]

[Event "Titled Tuesday Blitz November 07 Early 2023"]
[White "Ishbaev, Alibek"]
[Black "Estevez Polanco, Leonardo Rafael"]
[WhiteFideId "14205017"]
[BlackFideId "6402798"]
[WhiteElo "2437"]
[BlackElo "2146"]
[Result "1-0"]
[Round "2"]
[TimeControl "180+1"]
[Date "2023.11.07"]
[WhiteClock "0:00:28"]
[BlackClock "0:00:19"]
[Board "233"]

1. c4 Nf6 2. Nc3 e6 3. e4 d5 4. e5 Ne4 5. Nxe4 dxe4 6. Qg4 Qd4 7. Nf3 Qc5 8. Qxe4 Nc6 9. Bd3 g6 10. O-O Bg7 11. Re1 O-O 12. b3 Nb4 13. Bb2 Nxd3 14. Qxd3 b6 15. Qe3 Qc6 16. d4 Bb7 17. Rad1 Rad8 18. Rd2 a5 19. Red1 a4 20. d5 exd5 21. cxd5 Qe8 22. e6 fxe6 23. Bxg7 Kxg7 24. Ng5 exd5 25. Ne6+ Kg8 26. Nxd8 Qxd8 27. Qe6+ Kh8 28. Qe5+ Qf6 29. Qxc7 Ba8 30. bxa4 d4 31. Qg3 Bd5 32. Rxd4 Bxa2 33. Rd6 Qb2 34. R6d2 Qb3 35. Qe5+ Kg8 36. Rd7 Rf7 37. Rd8+ Rf8 38. Rxf8+ Kxf8 39. Qf6+ Qf7 40. Rd8# 1-0


[Site "https://www.chess.com"]

[Event "Titled Tuesday Blitz November 07 Early 2023"]
[White "Fernandez Hernandez, Gerardo"]
[Black "Novikova, Galina"]
[WhiteFideId "2207400"]
[BlackFideId "4157095"]
[WhiteElo "2132"]
[BlackElo "2437"]
[Result "0-1"]
[Round "2"]
[TimeControl "180+1"]
[Date "2023.11.07"]
[WhiteClock "0:00:00"]
[BlackClock "0:00:33"]
[Board "234"]

1. e4 e6 2. d3 d5 3. Nd2 Nf6 4. Ngf3 g6 5. g3 Bg7 6. Bg2 O-O 7. O-O c5 8. Re1 Nc6 9. c3 a5 10. a4 b6 11. exd5 exd5 12. Nb3 Bf5 13. Bf4 Qc8 14. d4 c4 15. Nbd2 Ne4 16. Ne5 Nxd2 17. Qxd2 Be6 18. Re2 Ne7 19. Rae1 Nf5 20. h4 Qe8 21. Nxf7 Qxf7 22. Rxe6 Rad8 23. Rxb6 Kh8 24. Rbe6 Qb7 25. Be5 Qd7 26. Bxg7+ Qxg7 27. R6e5 Qf7 28. Qe2 Rd7 29. Kh2 Kg7 30. f4 Nh6 31. Bh3 Rb7 32. Be6 Qf6 33. Bxd5 Rd7 34. Re7+ Rxe7 35. Qxe7+ Kh8 36. Qxf6+ Rxf6 37. Re8+ Kg7 38. Re7+ Kf8 39. Re5 Ng4+ 40. Kh3 Nxe5 41. dxe5 Rb6 42. Bxc4 Rxb2 43. e6 Rc2 44. Bd5 Rxc3 45. Kg4 Ke7 46. h5 Rd3 47. Be4 Rd4 48. Bc6 Kxe6 49. hxg6 hxg6 50. Kg5 Kf7 51. g4 Kg7 52. f5 Rd6 53. Bb5 Rd5 0-1


[Site "https://www.chess.com"]